[Event "fics rated crazyhouse match"]
[Site "fics, Oklahoma City, OK USA"]
[Date "2000.11.17"]
[White "Flesh"]
[WhiteElo "2331"]
[Black "AngelicK"]
[BlackElo "2294"]
[TimeControl "60+0"]
[Result "0-1"]

1. e4 e6 2. d4 Nc6 3. Nc3 Bb4 4. Nf3 Nf6 5. Bg5 Nxe4 6. Bxd8 
Nxd8 7. Bd3 Nxc3 8. bxc3 Bxc3+ 9. Kf1 N@b2 10. Qe2 Nxd3 11. Qxd3 Bxa1 
12. N@h5 B@f8 13. d5 B@g6 14. Qe3 Bxh5 15. dxe6 dxe6 16. h3 Bxf3 17. Qxf3 
N@d2+ 18. Kg1 Nxf3+ 19. gxf3 N@e2+ 20. Kh2 R@g2+ 21. Kxg2 Nf4+ 22. Kg3 Q@g5+ 
23. P@g4 P@h4+ 24. Kh2 Be5 25. B@g3 P@g2 26. Rd1 hxg3+ 27. fxg3 P@e2 28. Re1 
B@f2 29. Rxe2 g1=Q# 
{Flesh checkmated} 0-1

[Event "fics rated crazyhouse match"]
[Site "fics, Oklahoma City, OK USA"]
[Date "2000.11.17"]
[White "AngelicK"]
[WhiteElo "2303"]
[Black "Flesh"]
[BlackElo "2322"]
[TimeControl "60+0"]
[Result "1-0"]

1. d4 Nf6 2. Nf3 d5 3. Bf4 Bg4 4. Ne5 Bf5 5. e3 e6 6. Be2 
Nc6 7. O-O Nxe5 8. dxe5 Ne4 9. f3 N@f2 10. Rxf2 Nxf2 11. Kxf2 Bc5 
12. Nc3 Rc8 13. N@g3 Rg8 14. Nxf5 exf5 15. Qxd5 Qxd5 16. Nxd5 Bxe3+ 17. Bxe3 
P@h4 18. Q@e7# 
{Flesh checkmated} 1-0

[Event "fics rated crazyhouse match"]
[Site "fics, Oklahoma City, OK USA"]
[Date "2000.11.17"]
[White "Flesh"]
[WhiteElo "2314"]
[Black "AngelicK"]
[BlackElo "2311"]
[TimeControl "60+0"]
[Result "0-1"]

1. e4 e6 2. e5 Nc6 3. d4 d6 4. exd6 cxd6 5. Nf3 Nf6 6. Bg5 
Be7 7. Bxf6 Bxf6 8. Nc3 P@b4 9. Bb5 bxc3 10. Bxc6+ bxc6 11. bxc3 B@b2 
12. N@e4 Bxa1 13. Nxd6+ Qxd6 14. P@e5 Bxc3+ 15. Kf1 Bxe5 16. Nxe5 Bxd4 17. N@f3 
N@c3 18. Nc4 Qc7 19. Qxd4 P@e2+ 20. Ke1 R@d1# 
{Flesh resigns} 0-1

[Event "fics rated crazyhouse match"]
[Site "fics, Oklahoma City, OK USA"]
[Date "2000.11.17"]
[White "AngelicK"]
[WhiteElo "2319"]
[Black "Flesh"]
[BlackElo "2306"]
[TimeControl "60+0"]
[Result "0-1"]

1. d4 Nf6 2. Nf3 d5 3. Bf4 Bf5 4. e3 e6 5. Be2 Nc6 6. O-O 
Bd6 7. Ne5 Bxe5 8. dxe5 Ne4 9. f3 N@h3+ 10. gxh3 Bxh3 11. Kh1 P@g2+ 
12. Kg1 gxf1=Q+ 13. Bxf1 Bxf1 14. Qxf1 B@f2+ 15. Qxf2 Nxf2 16. Kxf2 d4 17. exd4 
Nxd4 18. Nc3 Nxc2 19. B@a4+ P@c6 20. Bxc2 P@d3 21. Bb3 Qd4+ 22. B@e3 Qxc3 
23. N@g3 Qxb2+ 24. P@d2 Qxa1 25. N@h5 Q@g1# 
{AngelicK checkmated} 0-1

[Event "fics rated crazyhouse match"]
[Site "fics, Oklahoma City, OK USA"]
[Date "2000.11.17"]
[White "marcusm"]
[WhiteElo "2288"]
[Black "tantheman"]
[BlackElo "2267"]
[TimeControl "180+0"]
[Result "1-0"]

1. e4 e6 2. d4 b6 3. Nf3 Bb7 4. Bd3 Nf6 5. Nc3 Bb4 6. Qe2 
d5 7. e5 Ne4 8. Bd2 Bxc3 9. bxc3 Nxd2 10. Nxd2 B@b2 11. N@h5 Qg5 
12. O-O Bxc3 13. B@e3 Bxd2 14. Bxd2 Qxd2 15. Qxd2 B@h6 16. B@g5 P@c3 17. Q@d8# 
{tantheman checkmated} 1-0

[Event "fics rated crazyhouse match"]
[Site "fics, Oklahoma City, OK USA"]
[Date "2000.11.17"]
[White "tantheman"]
[WhiteElo "2259"]
[Black "marcusm"]
[BlackElo "2301"]
[TimeControl "180+0"]
[Result "1-0"]

1. e4 Nf6 2. Nc3 d5 3. exd5 Nxd5 4. Nxd5 Qxd5 5. Nf3 Nc6 6. d4 
Bg4 7. Be2 e6 8. P@h3 Bh5 9. N@f4 Qa5+ 10. Bd2 Bb4 11. Nxh5 Qxh5 
12. Bxb4 Nxb4 13. B@g4 Qa5 14. O-O Rd8 15. B@c5 P@d6 16. Bxb4 Qxb4 17. c3 
Qa5 18. b4 Qb6 19. d5 exd5 20. Qxd5 B@c6 21. P@a5 Bxd5 22. axb6 axb6 
23. N@f5 B@f6 24. Rae1 P@e6 25. c4 exf5 26. cxd5 fxg4 27. Bb5+ Kf8 28. Q@e8# 
{marcusm resigns} 1-0

[Event "fics rated crazyhouse match"]
[Site "fics, Oklahoma City, OK USA"]
[Date "2000.11.17"]
[White "marcusm"]
[WhiteElo "2286"]
[Black "tantheman"]
[BlackElo "2268"]
[TimeControl "180+0"]
[Result "1-0"]

1. e4 e6 2. d4 b6 3. Nf3 Bb7 4. Bd3 Nf6 5. Qe2 d5 6. e5 
Ne4 7. O-O Be7 8. c4 Nxf2 9. Qxf2 P@e4 10. cxd5 exd3 11. dxe6 B@d5 
12. Ng5 O-O 13. exf7+ Kh8 14. P@f6 Rxf7 15. Nxf7# 
{tantheman resigns} 1-0

[Event "fics rated crazyhouse match"]
[Site "fics, Oklahoma City, OK USA"]
[Date "2000.11.17"]
[White "marcusm"]
[WhiteElo "2309"]
[Black "tantheman"]
[BlackElo "2253"]
[TimeControl "180+0"]
[Result "1-0"]

1. e4 e6 2. d4 b6 3. Nf3 Bb7 4. Bd3 Nf6 5. Qe2 d5 6. e5 
Ng4 7. O-O Be7 8. Nc3 O-O 9. Be3 c5 10. Rae1 cxd4 11. Bxd4 P@c5 
12. P@d6 cxd4 13. dxe7 Qxe7 14. B@d6 Qe8 15. Nxd4 P@h5 16. P@e7 Nd7 17. Bb5 
B@c4 18. Bxc4 dxc4 19. f3 B@c5 20. Bxc5 bxc5 21. exf8=Q+ Qxf8 22. fxg4 cxd4 
23. B@d6 B@e3+ 24. Kh1 P@h3 25. B@e4 hxg2+ 26. Qxg2 Bxe4 27. Nxe4 P@h3 28. Qxh3 
B@d5 29. Bxf8 Bxe4+ 30. B@f3 Bxf3+ 31. Qxf3 Rxf8 32. P@e7 B@c5 33. exf8=Q# 
{tantheman resigns} 1-0

[Event "fics rated crazyhouse match"]
[Site "fics, Oklahoma City, OK USA"]
[Date "2000.11.17"]
[White "tantheman"]
[WhiteElo "2246"]
[Black "marcusm"]
[BlackElo "2319"]
[TimeControl "180+0"]
[Result "1-0"]

1. e4 Nf6 2. Nc3 d5 3. exd5 Nxd5 4. Nxd5 Qxd5 5. Nf3 Nc6 6. Be2 
Bg4 7. d4 e6 8. P@h3 Bf5 9. O-O Rd8 10. Bf4 Bd6 11. Bxd6 Qxd6 
12. B@e5 Nxe5 13. dxe5 Qe7 14. Qe1 Bxc2 15. N@h5 f6 16. exf6 gxf6 17. Rc1 
P@d3 18. Bxd3 Bxd3 19. Nxf6+ Qxf6 20. Rxc7 P@e2 21. P@f7+ Kf8 22. P@e7+ Qxe7 
23. Rxe7 exf1=Q+ 24. Qxf1 Kxe7 25. P@f6+ Kd7 26. Qxd3+ B@d5 27. Ne5+ Kc7 28. N@b5+ 
Kb8 29. P@c7+ Ka8 30. Q@b8+ Rxb8 31. cxb8=Q+ Kxb8 32. P@c7+ Ka8 33. R@b8+ Rxb8 
34. cxb8=Q+ Kxb8 35. B@c7+ Ka8 36. R@b8# 
{marcusm checkmated} 1-0

[Event "fics rated crazyhouse match"]
[Site "fics, Oklahoma City, OK USA"]
[Date "2000.11.17"]
[White "LINDEGREN"]
[WhiteElo "2411"]
[Black "tantheman"]
[BlackElo "2256"]
[TimeControl "120+0"]
[Result "1-0"]

1. e4 e6 2. Nc3 b6 3. d4 Bb7 4. f3 Nf6 5. Nh3 c5 6. Be3 
cxd4 7. Bxd4 P@c5 8. Bf2 d5 9. e5 Nfd7 10. Be2 Nxe5 11. O-O Bd6 
12. P@d4 Ng6 13. dxc5 bxc5 14. Nb5 P@f4 15. Nxd6+ Qxd6 16. Bb5+ Bc6 17. Bxc6+ 
Nxc6 18. B@b7 O-O 19. Bxc6 Qxc6 20. Nxf4 Nxf4 21. N@e7+ Kh8 22. Nxc6 N@e2+ 
23. Kh1 B@h3 24. Rg1 Nxg1 25. Qxg1 Bxg2+ 26. Qxg2 Nxg2 27. P@h6 B@f6 28. P@e7 
Nf4 29. B@g2 P@h3 30. Bxh3 Nxh3 31. Q@g2 Nxf2+ 32. Qxf2 B@h3 33. exf8=Q+ Rxf8 
34. P@g2 gxh6 35. B@e5 Bxe5 36. Nxe5 B@f6 37. Ng4 Bxg4 38. fxg4 P@g7 39. N@h5 
B@d4 40. Qxf6 Bxf6 41. B@e3 P@d4 42. Nxf6 dxe3 43. B@g3 N@f2+ 44. Bxf2 exf2 
45. B@g3 R@g1+ 46. Rxg1 fxg1=Q+ 47. Kxg1 N@e2+ 48. Kf2 Q@g1+ 49. Kf3 Q@d1 50. N@g6+ 
fxg6 51. R@g8+ Rxg8 52. N@f7# 
{tantheman checkmated} 1-0

[Event "fics rated crazyhouse match"]
[Site "fics, Oklahoma City, OK USA"]
[Date "2000.11.17"]
[White "marcusm"]
[WhiteElo "2305"]
[Black "LINDEGREN"]
[BlackElo "2416"]
[TimeControl "180+0"]
[Result "0-1"]

1. e4 Nf6 2. e5 Nd5 3. Nc3 e6 4. Nf3 d6 5. d4 Nc6 6. Bd3 
Be7 7. O-O Ndb4 8. Bf4 Nxd3 9. cxd3 B@h5 10. N@g3 Bxf3 11. Qxf3 Nxd4 
12. Qg4 P@g6 13. B@e3 Nf5 14. Nce4 h5 15. Qd1 h4 16. Nxf5 exf5 17. Ng5 
dxe5 18. Bxe5 P@f6 19. Bc3 N@d5 20. P@e6 Bxe6 21. Nxe6 fxe6 22. N@f4 Nxf4 
23. Bxf4 P@g4 24. B@b3 N@d5 25. Bxd5 Qxd5 26. N@e3 Qd7 27. Nxg4 fxg4 28. Qxg4 
B@f5 29. Qf3 N@d5 30. Be3 h3 31. gxh3 Rxh3 32. P@g3 Nxc3 33. bxc3 P@g4 
34. P@f7+ Kd8 35. Qxb7 N@f3+ 36. Kh1 Rxh2# 
{marcusm checkmated} 0-1

[Event "fics rated crazyhouse match"]
[Site "fics, Oklahoma City, OK USA"]
[Date "2000.11.17"]
[White "LINDEGREN"]
[WhiteElo "2422"]
[Black "marcusm"]
[BlackElo "2297"]
[TimeControl "180+0"]
[Result "1-0"]

1. e4 Nf6 2. Nc3 d5 3. exd5 Nxd5 4. d4 Nc6 5. a3 e6 6. P@e4 
Nxc3 7. bxc3 Bd7 8. Nf3 Be7 9. Bd3 O-O 10. N@h5 P@g4 11. Ne5 Nxe5 
12. dxe5 f5 13. exf5 exf5 14. P@h6 P@g6 15. Nxg7 N@h4 16. Rg1 N@f3+ 17. gxf3 
Nxf3+ 18. Qxf3 gxf3 19. Nh5 P@e2 20. Bc4+ Rf7 21. Bxf7+ Kxf7 22. R@g7+ Kf8 
23. Be3 Be6 24. N@d4 B@g2 25. Nxe6+ Ke8 26. B@b5+ c6 27. Rg8+ Kd7 28. Rxd8+ 
Rxd8 29. N@c5+ Bxc5 30. Nxc5+ Kc8 31. Q@a8+ N@b8 32. N@e7+ Kc7 33. Qxb7# 
{marcusm checkmated} 1-0

[Event "fics rated crazyhouse match"]
[Site "fics, Oklahoma City, OK USA"]
[Date "2000.11.17"]
[White "marcusm"]
[WhiteElo "2290"]
[Black "LINDEGREN"]
[BlackElo "2427"]
[TimeControl "180+0"]
[Result "0-1"]

1. e4 Nf6 2. e5 Nd5 3. Nc3 e6 4. Nf3 Nc6 5. d4 d6 6. Bd3 
Bd7 7. O-O Be7 8. Ne4 Ndb4 9. Be3 Nxd3 10. cxd3 B@g6 11. Rc1 Bxe4 
12. dxe4 N@g4 13. B@h3 Ngxe5 14. dxe5 Nxe5 15. Nxe5 dxe5 16. N@h5 Rg8 17. f4 
P@d4 18. Bxd4 exd4 19. P@h6 B@e3+ 20. Kh1 gxh6 21. N@g7+ Kf8 22. f5 N@f2+ 
23. Rxf2 Bxf2 24. Qf3 P@d2 25. Rf1 R@e1 26. Qxf2 Rxf1+ 27. Qxf1 R@e1 28. R@f2 
P@e2 29. Qxe1 dxe1=Q+ 30. B@g1 Q@d1 31. N@f3 Qxf2 32. N@e1 Qdxe1 33. fxe6 Qfxg1+ 
34. Nxg1 Qxg1+ 35. Kxg1 e1=Q+ 36. R@f1 N@e2+ 37. Kh1 N@f2# 
{marcusm checkmated} 0-1

[Event "fics rated crazyhouse match"]
[Site "fics, Oklahoma City, OK USA"]
[Date "2000.11.17"]
[White "LINDEGREN"]
[WhiteElo "2432"]
[Black "marcusm"]
[BlackElo "2283"]
[TimeControl "180+0"]
[Result "0-1"]

1. e4 Nf6 2. Nc3 d5 3. exd5 Nxd5 4. d4 Nxc3 5. bxc3 Bf5 6. Nf3 
e6 7. Ne5 P@f6 8. Bb5+ c6 9. Nxf7 Kxf7 10. Bd3 Bxd3 11. cxd3 N@d5 
12. Bd2 B@b2 13. O-O Bxc3 14. P@e4 Bxd4 15. exd5 cxd5 16. B@e3 Bxa1 17. Qxa1 
P@h3 18. B@f3 N@h4 19. Qd1 P@c2 20. Qe2 hxg2 21. Bxg2 Nxg2 22. Kxg2 P@e4 
23. f3 exd3 24. Qf2 R@e2 25. N@g4 Rxf2+ 26. Bxf2 Bd6 27. P@h6 B@e2 28. hxg7 
Bxf3+ 29. Kxf3 Q@e4# 
{LINDEGREN checkmated} 0-1

[Event "fics rated crazyhouse match"]
[Site "fics, Oklahoma City, OK USA"]
[Date "2000.11.17"]
[White "marcusm"]
[WhiteElo "2298"]
[Black "LINDEGREN"]
[BlackElo "2421"]
[TimeControl "180+0"]
[Result "1-0"]

1. e4 Nf6 2. e5 Nc6 3. exf6 gxf6 4. Nf3 d5 5. d4 Bg4 6. Be2 
P@e4 7. Nh4 Bxe2 8. Qxe2 Nxd4 9. Qd1 e5 10. N@f5 Nxf5 11. Nxf5 P@g7 
12. Nc3 B@e6 13. B@a4+ c6 14. Ng3 N@f4 15. Bxf4 exf4 16. Ngxe4 Bb4 17. Nxf6+ 
gxf6 18. N@g7+ Kd7 19. a3 Bxc3+ 20. bxc3 B@d6 21. P@f5 N@h4 22. fxe6+ fxe6 
23. Rg1 P@e3 24. fxe3 fxe3 25. Kf1 Qe7 26. Qg4 P@f2 27. Nxe6 fxg1=Q+ 28. Kxg1 
f5 29. N@c5+ Bxc5 30. Nxc5+ Qxc5 31. P@e6+ Kxe6 32. Qxh4 e2+ 33. B@f2 R@f1+ 
34. Rxf1 exf1=Q+ 35. Kxf1 N@d2+ 36. Ke2 Ne4 37. N@d4+ Qxd4 38. Bxd4 R@d2+ 39. Ke3 
N@f3 40. Q@e7# 
{LINDEGREN checkmated} 1-0

[Event "fics rated crazyhouse match"]
[Site "fics, Oklahoma City, OK USA"]
[Date "2000.11.17"]
[White "LINDEGREN"]
[WhiteElo "2410"]
[Black "marcusm"]
[BlackElo "2312"]
[TimeControl "180+0"]
[Result "1-0"]

1. e4 Nf6 2. Nc3 d5 3. exd5 Nxd5 4. d4 e6 5. a3 P@b4 6. axb4 
Bxb4 7. P@d2 Nc6 8. Nf3 P@g4 9. P@b5 gxf3 10. bxc6 fxg2 11. Bxg2 bxc6 
12. Rg1 Qe7 13. P@e4 Nf4 14. Qf3 Bxc3 15. dxc3 Nxg2+ 16. Qxg2 N@h4 17. Qxg7 
N@f3+ 18. Kd1 Nxg1 19. Qxg1 P@e2+ 20. Kxe2 B@f3+ 21. Kd2 R@e2+ 22. Kd3 P@d5 
23. N@g7+ Kd8 24. c4 dxe4+ 25. Kc3 f6 26. B@a3 P@d6 27. N@a5 e3 28. Nxc6+ 
Bxc6 29. N@a5 B8b7 30. P@a6 exf2 31. axb7 Bxb7 32. Nxb7+ Kc8 33. B@a6 fxg1=Q 
34. Na5+ Kd8 35. Nc6+ Kd7 36. B@b5 Qe1+ 37. Kb3 P@a4+ 38. Bxa4 Rab8+ 39. P@b7 
P@b5 40. B4xb5 Q@b6 41. Nxb8+ Kd8 42. R@c8# 
{marcusm checkmated} 1-0

[Event "fics rated crazyhouse match"]
[Site "fics, Oklahoma City, OK USA"]
[Date "2000.11.17"]
[White "marcusm"]
[WhiteElo "2305"]
[Black "LINDEGREN"]
[BlackElo "2416"]
[TimeControl "180+0"]
[Result "0-1"]

1. e4 Nf6 2. e5 Nc6 3. exf6 gxf6 4. d4 d5 5. Nf3 Rg8 6. Nc3 
Bg4 7. Bf4 Bxf3 8. gxf3 e6 9. B@g3 P@d6 10. Bb5 N@f5 11. N@a5 Nxg3 
12. Bxg3 B@d7 13. Nxb7 Qb8 14. Bxc6 Bxc6 15. Na5 B@d7 16. N@a6 Qc8 17. Nb4 
Bb7 18. P@c6 Bbxc6 19. Nbxc6 Bxc6 20. Nxc6 P@b7 21. Nb4 N@f5 22. B@f4 Bh6 
23. Bxh6 Nxh6 24. Nbxd5 exd5 25. Nxd5 B@d8 26. P@g5 Qe6+ 27. Qe2 Qxe2+ 28. Kxe2 
N@e6 29. Q@e3 Nf5 30. Qd3 Nfxd4+ 31. Kd2 Q@a5+ 32. N@c3 P@b4 33. Nxf6+ Bxf6 
34. gxf6 bxc3+ 35. bxc3 N@d5 36. P@b4 Nxb4 37. cxb4 Qxb4+ 38. B@c3 N@c4+ 39. Ke1 
P@d2+ 40. Kd1 P@e2+ 41. Qxe2 Nxe2 42. Bxb4 Nb2+ 43. Kxe2 Nd4+ 44. Ke3 Q@e2+ 
45. Kxd4 c5+ 46. Kc3 cxb4+ 47. Kxb2 B@a3+ 48. Kb3 Qe6+ 49. N@d5 Qxd5+ 50. P@c4 
N@c5# 
{marcusm checkmated} 0-1

[Event "fics rated crazyhouse match"]
[Site "fics, Oklahoma City, OK USA"]
[Date "2000.11.17"]
[White "LINDEGREN"]
[WhiteElo "2422"]
[Black "marcusm"]
[BlackElo "2298"]
[TimeControl "180+0"]
[Result "0-1"]

1. e4 d5 2. exd5 Qxd5 3. d4 Nc6 4. Nc3 Qxd4 5. Be3 Qxd1+ 6. Rxd1 
P@d6 7. Bb5 e6 8. Nf3 Bd7 9. P@d5 exd5 10. Nxd5 Rc8 11. Q@e2 P@e6 
12. Bxc6 Bxc6 13. P@e4 B@a6 14. N@d3 exd5 15. exd5 Bxd5 16. Bxa7+ P@e4 17. P@c4 
Baxc4 18. P@d7+ Kxd7 19. Nde5+ dxe5 20. Nxe5+ Ke7 21. Nxc4 Q@b4+ 22. B@c3 Qb5 
23. Bad4 P@e6 24. P@f6+ gxf6 25. Bxf6+ Nxf6 26. Bxf6+ Kxf6 27. O-O Rg8 28. P@e5+ 
Ke7 29. N@f6 N@f3+ 30. Kh1 Rxg2 31. Qxf3 exf3 32. N@g8+ Rxg8 33. Nxg8+ Kd8 
34. Rxd5+ Qxd5 35. B@f6+ B@e7 36. Bxe7+ Bxe7 37. R@f8+ Bxf8 38. B@h4+ B@e7 39. Bxe7+ 
Bxe7 40. Kg1 P@g2 41. Nxe7 N@h3# 
{LINDEGREN checkmated} 0-1

[Event "fics rated crazyhouse match"]
[Site "fics, Oklahoma City, OK USA"]
[Date "2000.11.17"]
[White "marcusm"]
[WhiteElo "2311"]
[Black "LINDEGREN"]
[BlackElo "2411"]
[TimeControl "180+0"]
[Result "1-0"]

1. e4 e6 2. d4 Nf6 3. e5 Nd5 4. Nf3 d6 5. Bd3 Nc6 6. Nc3 
Bd7 7. Nxd5 exd5 8. Bf4 N@e6 9. Be3 dxe5 10. Nxe5 Ncxd4 11. Nxd7 Qxd7 
12. N@e5 Bd6 13. Nxd7 Kxd7 14. P@f5 N@h4 15. fxe6+ Nxe6 16. B@h3 N@e5 17. N@f5 
Nxf5 18. Bdxf5 c6 19. N@g5 N@d8 20. Nxf7 Nexf7 21. Bxe6+ Nxe6 22. Bxe6+ Kxe6 
23. N@d4+ Kd7 24. Qg4+ Kc7 25. Q@d7+ Kb6 26. Nxc6+ P@c5 27. P@a5+ Ka6 28. Qxd6 
bxc6 29. Qxc6+ P@b6 30. B@b5+ Kxa5 31. Qa4# 
{LINDEGREN checkmated} 1-0

[Event "fics rated crazyhouse match"]
[Site "fics, Oklahoma City, OK USA"]
[Date "2000.11.17"]
[White "LINDEGREN"]
[WhiteElo "2401"]
[Black "marcusm"]
[BlackElo "2323"]
[TimeControl "180+0"]
[Result "1-0"]

1. e4 Nf6 2. Nc3 d5 3. exd5 Nxd5 4. d4 Bf5 5. Nf3 e6 6. Bb5+ 
c6 7. Bd3 Nxc3 8. bxc3 P@e4 9. Be2 exf3 10. Bxf3 N@h4 11. Rg1 Nxf3+ 
12. gxf3 B@g6 13. P@d3 N@b5 14. Bd2 Nxd4 15. cxd4 Qxd4 16. P@c3 Qd7 17. Rb1 
Na6 18. N@e5 Qc7 19. Bf4 Bd6 20. Nxg6 hxg6 21. Bxd6 Qxd6 22. N@c4 Qxh2 
23. N@e2 B@b5 24. B@e5 Qxg1+ 25. Nxg1 P@h2 26. Nd6+ Kf8 27. Bxg7+ Kxg7 28. B@e5+ 
Kh6 29. Nxf7+ Kh5 30. Q@g5# 
{marcusm checkmated} 1-0

[Event "fics rated crazyhouse match"]
[Site "fics, Oklahoma City, OK USA"]
[Date "2000.11.17"]
[White "marcusm"]
[WhiteElo "2316"]
[Black "LINDEGREN"]
[BlackElo "2407"]
[TimeControl "180+0"]
[Result "0-1"]

1. e4 e6 2. d4 b6 3. Nf3 Bb7 4. Bd3 Nf6 5. Qe2 d5 6. e5 
Ne4 7. O-O Be7 8. c4 Nd7 9. Nc3 Nxc3 10. bxc3 N@e4 11. Bxe4 dxe4 
12. Nd2 B@c6 13. Qg4 Rg8 14. N@h5 Nxe5 15. Nxg7+ Rxg7 16. Qxg7 Ng6 17. R@g8+ 
N@f8 18. Qxh7 P@f3 19. P@g7 fxg2 20. gxf8=Q+ Bxf8 21. Rxg6 gxf1=Q+ 22. Nxf1 P@e2 
23. Be3 exf1=Q+ 24. Rxf1 P@e2 25. Re1 N@f3+ 26. Kh1 Nxe1 27. N@e5 R@f1+ 28. N@g1 
Rxg1+ 29. Rxg1 Qf6 30. P@g6 O-O-O 31. P@a6 R@f1 32. axb7+ Bxb7 33. R@g4 P@g2+ 
34. Rxg2 Nxg2 35. N@h3 Rxg1+ 36. Nxg1 Nxe3 37. B@g2 B@f1 38. Qh3 Bxg2+ 39. Qxg2 
Nxg2 40. P@c6 Bxc6 41. Nxc6 Q@b7 42. R@b8+ Qxb8 43. P@a6 Nf4 
{marcusm forfeits on time} 0-1

[Event "fics rated crazyhouse match"]
[Site "fics, Oklahoma City, OK USA"]
[Date "2000.11.17"]
[White "LINDEGREN"]
[WhiteElo "2413"]
[Black "marcusm"]
[BlackElo "2309"]
[TimeControl "180+0"]
[Result "1-0"]

1. e4 Nf6 2. Nc3 d5 3. e5 Ng4 4. d4 Nc6 5. Nf3 Bf5 6. Bb5 
a6 7. Bxc6+ bxc6 8. O-O B@e4 9. N@c5 Bxc2 10. Qe1 e6 11. Bg5 Bxc5 
12. Bxd8 Rxd8 13. dxc5 Bcd3 14. B@d6 cxd6 15. exd6 B@f6 16. P@e7 Rc8 17. h3 
Nh6 18. Ne5 Bxe5 19. Qxe5 B@f6 20. d7# 
{marcusm resigns} 1-0

[Event "fics rated crazyhouse match"]
[Site "fics, Oklahoma City, OK USA"]
[Date "2000.11.17"]
[White "marcusm"]
[WhiteElo "2303"]
[Black "LINDEGREN"]
[BlackElo "2419"]
[TimeControl "180+0"]
[Result "1-0"]

1. e4 Nf6 2. e5 Nd5 3. Nc3 e6 4. Nf3 d6 5. d4 Nc6 6. Bd3 
Bd7 7. O-O Ndb4 8. Bf4 Nxd3 9. cxd3 B@h5 10. Be3 dxe5 11. dxe5 Bxf3 
12. Qxf3 Nxe5 13. Qxb7 Bc6 14. B@b5 Bxb5 15. Qxb5+ B@c6 16. Qxe5 P@h3 17. B@b5 
Bxb5 18. Qxb5+ P@c6 19. Qxc6+ B@d7 20. Qf3 hxg2 21. Qxg2 N@h4 22. Qh3 e5 
23. P@g4 h5 24. P@c6 hxg4 25. cxd7+ Qxd7 26. P@c6 Qxc6 27. Qxg4 P@f5 28. B@b5 
P@d7 29. Bxc6 dxc6 30. P@b7 Rd8 31. P@d7+ Kxd7 32. B@c8+ Ke8 33. Qg3 P@g2 
34. Qxe5+ B@e7 35. P@d7+ Rxd7 36. Bxd7+ Kd8 37. Q@c8# 
{LINDEGREN checkmated} 1-0

[Event "fics rated crazyhouse match"]
[Site "fics, Oklahoma City, OK USA"]
[Date "2000.11.17"]
[White "LINDEGREN"]
[WhiteElo "2408"]
[Black "marcusm"]
[BlackElo "2314"]
[TimeControl "180+0"]
[Result "0-1"]

1. e4 Nf6 2. Nc3 d5 3. e5 Ng4 4. d4 Nc6 5. Nf3 Bf5 6. Bb5 
a6 7. Bxc6+ bxc6 8. O-O B@e4 9. Nxe4 dxe4 10. Nh4 e6 11. Nxf5 exf5 
12. B@h3 Qxd4 13. Bxg4 fxg4 14. B@d7+ Qxd7 15. Qxd7+ Kxd7 16. e6+ Kc8 17. Be3 
N@h3+ 18. Kh1 fxe6 19. N@e5 B@e8 20. Rad1 B@d6 21. N@a5 N@b7 22. Nxb7 P@f3 
23. Nxd6+ Bxd6 24. B@b7+ Kd8 25. N@f7+ Ke7 26. Nxc6+ Kxf7 
{LINDEGREN forfeits on time} 0-1

[Event "fics rated crazyhouse match"]
[Site "fics, Oklahoma City, OK USA"]
[Date "2000.11.17"]
[White "marcusm"]
[WhiteElo "2324"]
[Black "LINDEGREN"]
[BlackElo "2398"]
[TimeControl "180+0"]
[Result "1-0"]

1. e4 e6 2. d4 Nf6 3. e5 d5 4. exf6 gxf6 5. Nc3 Nc6 6. Bf4 
Rg8 7. Nb5 P@d6 8. Nf3 e5 9. dxe5 dxe5 10. Be3 P@f4 11. Bc1 Bc5 
12. P@g5 Bxf2+ 13. Kxf2 P@e3+ 14. Ke2 Bg4 15. B@c3 fxg5 16. Qxd5 Qxd5 17. N@f6+ 
Kf8 18. Nxd5 Q@f2+ 19. Kd1 Bxf3+ 20. P@e2 Bxd5 21. Nxc7 Rd8 22. Nxd5 Rxd5+ 
23. P@d3 P@d2 24. B1xd2 exd2 25. Bxd2 B@e3 26. B@e1 N@g4 27. Q@c8+ Rd8 28. Qxg4 
N@d4 29. Bxf2 Bxd2 30. P@f6 Bb4 31. P@d7 B@e6 32. Q@h6+ N@g7 33. fxg7+ Rxg7 
34. Qgxg5 P@g6 35. Qf6 Rxd7 36. Qhxg7+ Ke8 37. R@g8# 
{LINDEGREN resigns} 1-0

[Event "fics rated crazyhouse match"]
[Site "fics, Oklahoma City, OK USA"]
[Date "2000.11.17"]
[White "LINDEGREN"]
[WhiteElo "2388"]
[Black "RFrancisco"]
[BlackElo "2336"]
[TimeControl "120+0"]
[Result "0-1"]

1. e4 e6 2. Nc3 Nc6 3. d4 Bb4 4. a3 Bxc3+ 5. bxc3 Nf6 6. Bd3 
d5 7. exd5 exd5 8. Qe2+ P@e4 9. P@g5 Ng4 10. Bxe4 dxe4 11. Qxe4+ Qe7 
12. Qxe7+ Nxe7 13. B@g3 N@e4 14. Bxc7 O-O 15. P@f6 Ngxf2 16. Be3 P@d2+ 17. Bxd2 
Nxh1 18. Q@e2 Bg4 19. P@f3 B@h4+ 20. g3 Nhxg3 21. hxg3 Bxg3+ 22. P@f2 Bxf2+ 
23. Kd1 P@b2 24. fxg7 bxa1=Q+ 25. N@c1 Qxc1+ 26. Bxc1 Nxc3+ 27. Kd2 Nb1# 
{LINDEGREN forfeits on time} 0-1

[Event "fics rated crazyhouse match"]
[Site "fics, Oklahoma City, OK USA"]
[Date "2000.11.17"]
[White "RFrancisco"]
[WhiteElo "2345"]
[Black "LINDEGREN"]
[BlackElo "2379"]
[TimeControl "120+0"]
[Result "1-0"]

1. e4 e6 2. Nc3 Nf6 3. d4 d5 4. e5 Ne4 5. Nf3 Nc6 6. Bd3 
Bb4 7. Bd2 Qe7 8. O-O Bxc3 9. bxc3 f5 10. exf6 gxf6 11. h3 Rg8 
12. P@g4 P@g3 13. fxg3 Nxg3 14. Bf4 Nxf1 15. Qxf1 P@e4 16. B@h5+ N@g6 17. Bxg6+ 
hxg6 18. P@e5 exf3 19. exf6 fxg2 20. Qxg2 Qxf6 21. Bxc7 B@f3 22. P@f7+ Kxf7 
23. Qxf3 P@f2+ 24. Kh2 Qxf3 25. N@g5+ Kg7 26. Nxf3 R@h6 27. P@f6+ Kf8 28. P@e7+ 
Ke8 29. Q@d8+ Kf7 30. N@g5+ Kxf6 31. e8=N# 
{LINDEGREN checkmated} 1-0

[Event "fics rated crazyhouse match"]
[Site "fics, Oklahoma City, OK USA"]
[Date "2000.11.17"]
[White "LINDEGREN"]
[WhiteElo "2370"]
[Black "RFrancisco"]
[BlackElo "2354"]
[TimeControl "120+0"]
[Result "1-0"]

1. e4 e6 2. Nf3 Nc6 3. d4 Nf6 4. Bd3 d6 5. Nc3 Be7 6. O-O 
O-O 7. Be3 h6 8. e5 Nd5 9. Nxd5 exd5 10. c4 dxc4 11. Bxc4 d5 
12. Bxd5 Qxd5 13. N@f4 Qd8 14. P@g6 fxg6 15. Nxg6 B@h5 16. Nxf8 Qxf8 17. R@f4 
P@f5 18. d5 P@e4 19. dxc6 exf3 20. P@f6 N@e2+ 21. Qxe2 fxe2 22. fxe7 Qxe7 
23. N@d5 Qf7 24. N@e7+ Kh8 25. P@f6 exf1=Q+ 26. Rxf1 N@e2+ 27. Kh1 P@h3 28. gxh3 
Nxf4 29. P@g2 Q@e4 30. Nxf4 N@h4 31. fxg7+ Kxg7 32. B@f6+ Kh7 33. Bxh4 P@g5 
34. N@g3 gxh4 35. Nxe4 fxe4 36. N@f6+ Kh8 37. N4xh5 R@g7 38. Nxg7 Qxg7 39. Ng6+ 
Qxg6 40. Q@f8+ R@g8 41. P@g7+ Qxg7 42. Qxg7+ Rxg7 43. R@f8+ Q@g8 44. Rxg8+ Rxg8 
45. Q@h7# 
{RFrancisco checkmated} 1-0

[Event "fics rated crazyhouse match"]
[Site "fics, Oklahoma City, OK USA"]
[Date "2000.11.17"]
[White "RFrancisco"]
[WhiteElo "2346"]
[Black "LINDEGREN"]
[BlackElo "2378"]
[TimeControl "120+0"]
[Result "1-0"]

1. e4 e6 2. Nc3 Nf6 3. d4 d5 4. e5 Ne4 5. Nf3 Nc6 6. Bd3 
Bb4 7. Bd2 Bxc3 8. bxc3 O-O 9. O-O f5 10. exf6 gxf6 11. P@h6 N@f5 
12. B@g7 Re8 13. Re1 Nxd2 14. Qxd2 P@e4 15. Bxe4 dxe4 16. Rxe4 B@d5 17. P@f7+ 
Kxf7 18. N@g5+ fxg5 19. Nxg5+ Ke7 20. P@f7 Bxe4 21. fxe8=Q+ Qxe8 22. Nxe4 B@d6 
23. Bf6+ Kd7 24. B@b5 P@h3 25. Bxc6+ Kxc6 26. P@b5+ Kb6 27. N@c4+ Kxb5 28. Rb1+ 
Kxc4 29. Qd3+ Kd5 30. Qb5+ c5 31. R@e5+ Bxe5 32. Qxc5+ Kxe4 33. Qxe5# 
{LINDEGREN checkmated} 1-0

[Event "fics rated crazyhouse match"]
[Site "fics, Oklahoma City, OK USA"]
[Date "2000.11.17"]
[White "LINDEGREN"]
[WhiteElo "2369"]
[Black "RFrancisco"]
[BlackElo "2355"]
[TimeControl "120+0"]
[Result "1-0"]

1. e4 e6 2. Nf3 Nc6 3. d4 Nf6 4. Bd3 d6 5. O-O Be7 6. Nc3 
O-O 7. Be3 h6 8. Qd2 e5 9. d5 Nb4 10. Rae1 Nxd3 11. cxd3 B@h5 
12. N@f5 Bxf5 13. exf5 Bxf3 14. gxf3 N@h3+ 15. Kh1 c6 16. dxc6 bxc6 17. Rg1 
P@f4 18. B@g2 fxe3 19. Rxe3 Nxf2+ 20. Qxf2 B@d4 21. P@g6 Bxe3 22. gxf7+ Rxf7 
23. Qxe3 P@f4 24. Qe2 P@e3 25. B@e1 R@d2 26. P@g6 Rf8 27. P@h7+ Kh8 28. N@f7+ 
Rxf7 29. gxf7 Nxh7 30. R@e8+ Qxe8 31. fxe8=Q+ Rxe8 32. B@g6 Rxe2 33. Bxh7 P@f7 
34. Bg6 P@h7 35. Nxe2 fxg6 36. N@f7+ Kg8 37. R@h8+ Kxf7 38. Q@e6# 
{RFrancisco checkmated} 1-0